 Dungeon Crawl Stone Soup version 0.20.2-3-g29329e0561 (webtiles) character file.

5732 Alfie the Carver (level 10, -13/86 HPs)
             Began as a Minotaur Fighter on Dec 17, 2020.
             Mangled by an ettin
             ... wielding a +0 dire flail
              (29 damage)
             ... on level 9 of the Dungeon.
             The game lasted 00:18:52 (6322 turns).

Alfie the Carver (Minotaur Fighter)                 Turns: 6322, Time: 00:18:53

Health: -13/86     AC: 12    Str: 28    XL:     10   Next: 48%
Magic:  10/10      EV: 11    Int:  5    God:
Gold:   430        SH: 12    Dex: 10    Spells: 7/9 levels left

rFire    . . .     SeeInvis .   a - +3 long sword
rCold    . . .     Gourm    .   c - +0 shield
rNeg     . . .     Faith    .   b - +1 scale mail
rPois    +         Spirit   .   (helmet restricted)
rElec    .         Reflect  .   r - +2 cloak {+Inv}
rCorr    .         Harm     .   (no gloves)
MR       .....                  (no boots)
Stlth    ..........             (no amulet)
Regen    0.3/turn               m - +4 ring of strength
MPRegen  0.2/turn               D - ring of poison resistance

@: no status effects
A: retaliatory headbutt, horns 2
a: Evoke Invisibility


You were on level 9 of the Dungeon.
You were not hungry.

You visited 2 branches of the dungeon, and saw 10 of its levels.

You collected 520 gold pieces.
You spent 90 gold pieces at shops.

Inventory:

Hand Weapons
 a - a +3 long sword (weapon)
Armour
 b - a +1 scale mail (worn)
 c - a +0 shield (worn)
 r - a +2 cloak of invisibility (worn)
Jewellery
 m - a +4 ring of strength (left hand)
 q - a +3 ring of protection
 v - an uncursed amulet of magic regeneration
 y - a +3 ring of strength
 D - a ring of poison resistance (right hand)
Wands
 d - a wand of digging (11/24)
 t - a wand of disintegration (16/24)
 u - a wand of disintegration (15/24)
 A - a wand of disintegration (8/24)
 C - a wand of paralysis (8/24)
 F - a wand of flame (39/48)
 H - a wand of random effects (35/48)
Scrolls
 e - 3 scrolls of enchant weapon
 j - a scroll of amnesia
 l - a scroll of blinking
 n - 7 scrolls of teleportation
 w - 2 scrolls of magic mapping
 z - a scroll of immolation {unknown}
 G - a scroll of silence {unknown}
 I - a scroll of recharging
Potions
 g - 4 potions of curing
 h - 3 potions of lignification {unknown}
 i - 3 potions of flight {unknown}
 k - a potion of ambrosia {unknown}
 o - 3 potions of brilliance {unknown}
 p - 3 potions of cancellation {unknown}
 s - 2 potions of invisibility {unknown}
 x - a potion of berserk rage {unknown}
 B - a potion of mutation {unknown}
 E - 2 potions of haste {unknown}
Comestibles
 f - 3 bread rations


   Skills:
 + Level 7.2 Fighting
 + Level 11.7 Long Blades
 + Level 8.6 Armour
 + Level 4.9 Dodging
 + Level 1.3 Stealth
 + Level 9.5 Shields
 + Level 1.9 Evocations


You had 7 spell levels left.
You knew the following spells:

 Your Spells              Type           Power        Failure   Level  Hunger
a - Sandblast             Erth           #.....       91%         1    ##.....
b - Confusing Touch       Hex            #.....       91%         1    ##.....


Dungeon Overview and Level Annotations

Branches:
Dungeon (9/15)             Temple (0/1) D:4             Orc (1/2) D:9
   Lair: D:8-11

Altars:
Dithmenos
Elyvilon
Fedhas
Gozag
Hepliaklqana
Makhleb
Okawaru
Qazlal
Ru
Yredelemnul
Zin
The Shining One

Annotations:
D:7 1 runed door


Innate Abilities, Weirdness & Mutations

You reflexively headbutt those who attack you in melee.
You have a pair of horns on your head.


Message History

The ettin is moderately wounded.
The ettin barely misses you.
You completely miss the ettin. You headbutt the ettin.
The ettin is moderately wounded.
You block the ettin's attack. The ettin hits you with a great mace!
You hit the ettin but do no damage.
The ettin is moderately wounded.
You block the ettin's attack. The ettin hits you with a great mace!!
You hit the ettin. You headbutt the ettin.
The ettin is heavily wounded.
You hit the ettin.
The ettin is heavily wounded.
You block the ettin's attack. The ettin hits you with a great mace!!
* * * LOW HITPOINT WARNING * * *
You slash the ettin!
The ettin is severely wounded.
You hit the ettin but do no damage. You headbutt the ettin.
The ettin is severely wounded.
The ettin hits you with a dire flail!!
You die...

........#.........#
........#.........##
####...########....#
..#########.##..####
.................#
.................#
.................#
................(#
...............C@#
.................#
..........#.....##
..##......#######
..######'##
...#......#
...#......#
...#......#
...#......#


You could see an ettin.

Vanquished Creatures
  A two-headed ogre (D:8)
  The ghost of Alfie the Archer, a novice MiHu (D:7)
  Pikel (D:4)
  Psyche (D:8)
  The ghost of Alfie the Slasher, an amateur MiFi (D:4)
  A hornet (D:9)
  Eustachio (D:5)
  2 sky beasts (D:6)
  A slave (D:4)
  3 orc warriors
  2 ogres
  A black bear (D:6)
  3 centaurs
  2 big kobolds (D:9)
  2 bullfrogs
  A wyvern skeleton (D:6)
  A scorpion (D:5)
  16 killer bees
  2 crimson imps
  3 bullfrog zombies
  A quasit (D:6)
  7 orc priests
  3 centaur zombies
  A jelly (D:9)
  A hound (D:5)
  5 orc wizards
  A centaur skeleton (D:9)
  An iguana (D:4)
  Crazy Yiuf (D:2)
  5 worker ants
  A howler monkey zombie (D:5)
  2 worker ant zombies
  12 gnolls
  7 adders
  2 shadow imps
  An ooze (D:6)
  An adder zombie (D:5)
  An adder skeleton (D:9)
  A worm (D:3)
  5 leopard geckos
  31 orcs
  6 giant cockroaches
  4 jackals (D:2)
  16 kobolds
  4 quokkas
  4 bats
  6 frilled lizards
  12 goblins
  A jackal zombie (D:7)
  A leopard gecko skeleton (D:5)
  8 rats
198 creatures vanquished.

Vanquished Creatures (others)
  An orc wizard (D:9)
1 creature vanquished.

Grand Total: 199 creatures vanquished

Notes
Turn   | Place    | Note
-------+----------+-------------------------------------------
     0 | D:1      | Alfie the Minotaur Fighter began the quest for the Orb.
     0 | D:1      | Reached XP level 1. HP: 19/19 MP: 0/0
   171 | D:1      | Reached XP level 2. HP: 26/27 MP: 1/1
   659 | D:2      | Reached XP level 3. HP: 33/33 MP: 2/2
   754 | D:2      | Found a burning altar of Makhleb.
   772 | D:2      | Reached skill level 3 in Long Blades
  1070 | D:2      | Found a runed door.
  1309 | D:2      | Noticed Crazy Yiuf
  1311 | D:2      | Killed Crazy Yiuf
  1311 | D:2      | Reached XP level 4. HP: 32/40 MP: 3/3
  1432 | D:3      | Reached skill level 4 in Long Blades
  1437 | D:3      | Reached XP level 5. HP: 41/46 MP: 4/4
  1471 | D:3      | Reached skill level 1 in Dodging
  1518 | D:3      | Found a blossoming altar of Fedhas.
  1579 | D:3      | Found a basalt altar of Yredelemnul.
  1638 | D:3      | Found a white marble altar of Elyvilon.
  1724 | D:3      | Reached skill level 5 in Armour
  1941 | D:3      | Reached XP level 6. HP: 53/53 MP: 5/5
  2362 | D:4      | Found a staircase to the Ecumenical Temple.
  2417 | D:4      | Noticed Alfie's ghost (amateur MiFi)
  2432 | D:4      | Killed Alfie's ghost
  2432 | D:4      | Reached skill level 6 in Long Blades
  2432 | D:4      | Reached skill level 5 in Shields
  2487 | D:4      | Reached XP level 7. HP: 60/60 MP: 6/6
  2503 | D:4      | Noticed Pikel
  2518 | D:4      | Killed Pikel
  2518 | D:4      | Reached skill level 5 in Fighting
  2518 | D:4      | Reached skill level 7 in Long Blades
  2649 | D:5      | Entered Level 5 of the Dungeon
  2651 | D:5      | Found a shadowy altar of Dithmenos.
  2671 | D:5      | Found a transporter.
  2677 | D:5      | Noticed a water elemental
  2678 | D:5      | Found a stormy altar of Qazlal.
  2786 | D:5      | Noticed an air elemental
  2787 | D:5      | Noticed a fire elemental
  2806 | D:5      | Reached XP level 8. HP: 68/68 MP: 7/7
  2824 | D:5      | Found a transporter.
  2993 | D:5      | Reached skill level 8 in Long Blades
  2993 | D:5      | Reached skill level 1 in Stealth
  3036 | D:5      | Reached skill level 1 in Evocations
  3152 | D:5      | Noticed Eustachio
  3159 | D:5      | Killed Eustachio
  3505 | D:6      | Learned a level 1 spell: Sandblast
  3509 | D:6      | Learned a level 1 spell: Confusing Touch
  3518 | D:6      | Found a sacrificial altar of Ru.
  3568 | D:6      | Reached skill level 9 in Long Blades
  3656 | D:6      | Reached XP level 9. HP: 39/75 MP: 9/9
  4195 | D:7      | Found a hazy altar of Hepliaklqana.
  4213 | D:7      | Found a glowing golden altar of the Shining One.
  4216 | D:7      | Noticed Alfie's ghost (novice MiHu)
  4237 | D:7      | Killed Alfie's ghost
  4237 | D:7      | Reached skill level 10 in Long Blades
  4249 | D:7      | Found Zin's Purification Station.
  4254 | D:7      | Found a glowing silver altar of Zin.
  4257 | D:7      | Bought a potion of curing for 90 gold pieces
  4379 | D:7      | Found a glowing golden altar of the Shining One.
  4415 | D:7      | Noticed a sixfirhy
  4416 | D:7      | Found a runed door.
  4877 | D:8      | Noticed Psyche
  4883 | D:8      | Killed Psyche
  4893 | D:8      | Noticed a two-headed ogre
  4905 | D:8      | HP: 3/78 [two-headed ogre/giant club (3)]
  4910 | D:8      | Killed a two-headed ogre
  4910 | D:8      | Reached skill level 11 in Long Blades
  4910 | D:8      | Reached XP level 10. HP: 44/84 MP: 10/10
  4998 | D:8      | Found an opulent altar of Gozag.
  4998 | D:8      | Found an iron altar of Okawaru.
  5732 | D:9      | Found a staircase to the Orcish Mines.
  6310 | Orc:1    | Entered Level 1 of the Orcish Mines
  6310 | Orc:1    | Noticed an ettin
  6322 | D:9      | Mangled by an ettin

Skill      XL: |  1  2  3  4  5  6  7  8  9 10 |
---------------+-------------------------------+-----
Armour         | 4 5 6 7 8 |  8.6
Shields        | 4 5 6 7 8 9 |  9.5
Fighting       | 4 5 6 7 |  7.2
Long Blades    | 3 4 6 7 9 11 | 11.7
Dodging        | 1 2 3 4 |  4.9
Stealth        | 1 |  1.3
Evocations     | 1 |  1.9

Action                   |  1- 3 |  4- 6 |  7- 9 | 10-12 || total
-------------------------+-------+-------+-------+-------++-------
Melee: Long sword        |    79 |    69 |   219 |   168 ||   535
       Headbutt          |    10 |    12 |    56 |    36 ||   114
Evoke: Wand              |       |       |    12 |     2 ||    14
  Use: Potion            |     1 |     1 |     4 |       ||     6
       Scroll            |       |     8 |     8 |     1 ||    17
  Eat: Royal jelly       |     1 |     2 |       |       ||     3
       Bread ration      |       |       |     2 |     1 ||     3
Armor: Scale mail        |    39 |    32 |    86 |    48 ||   205
Dodge: Dodged            |    19 |    26 |    65 |    64 ||   174
Block: Shield            |    50 |    37 |   118 |   121 ||   326
       Rpst.: Long sword |     4 |     7 |    19 |    17 ||    47
